 Dungeon Crawl Stone Soup version 0.27-a0-1196-g3e9cee4cb2 (webtiles) character file.

Game seed: 5512810454985229100

285 mordus the Conjurer (level 6, -1/45 HPs)
             Began as a Draconian Conjurer on May 27, 2021.
             Blown up by a gnoll (22 damage)
             ... with a mindburst bolt
             ... on level 4 of the Dungeon.
             The game lasted 00:10:26 (3808 turns).

mordus the Conjurer (Draconian Conjurer)            Turns: 3808, Time: 00:10:26

Health: -1/45      AC:  8    Str:  9    XL:     6   Next: 7%
Magic:  9/12       EV: 12    Int: 20    God:
Gold:   74         SH:  0    Dex: 10    Spells: 10/13 levels left

rFire    . . .     SeeInvis .   a - +0 dagger
rCold    . . .     Faith    .   (no shield)
rNeg     . . .     Spirit   .   (armour unavailable)
rPois    .         Reflect  .   (helmet restricted)
rElec    .         Harm     .   n - scarf {repulsion}
rCorr    .         Rampage  .   (no gloves)
Will     .....                  f - +1 pair of boots
Stlth    ++........             (no amulet)
HPRegen  0.15/turn              (no ring)
MPRegen  0.13/turn              (no ring)

@: repel missiles
A: AC +6, unfitting armour, cold-blooded
a: no special abilities


You were on level 4 of the Dungeon.
You visited 1 branch of the dungeon, and saw 4 of its levels.

You collected 88 gold pieces.
You spent 14 gold pieces at shops.

Inventory:

Hand Weapons
 a - a +0 dagger (weapon)
Armour
 f - a +1 pair of boots (worn)
 n - a scarf of repulsion (worn)
Jewellery
 k - a ring of resist corrosion
Scrolls
 c - a scroll of enchant weapon {unknown}
 g - 4 scrolls of identify {unknown}
 h - 2 scrolls of teleportation {unknown}
 l - a scroll of fog {unknown}
 m - a scroll of magic mapping {unknown}
Potions
 b - 3 potions of invisibility {unknown}
 d - 3 potions of haste {unknown}
 e - 2 potions of cancellation {unknown}
 i - 2 potions of curing {unknown}
 j - 2 potions of might {unknown}
 o - a potion of attraction {unknown}


   Skills:
 - Level 1.7 Dodging
 - Level 1.7 Stealth
 + Level 4.3 Spellcasting
 + Level 5.9 Conjurations


You had 10 spell levels left.
You knew the following spells:

 Your Spells              Type           Power      Damage    Failure   Level
a - Magic Dart            Conj           100%       1d8       1%          1
b - Searing Ray           Conj           56%        3d5       1%          2

Your spell library contained the following spells:

 Spells                   Type           Power      Damage    Failure   Level
 Dazzling Flash           Conj/Hex       32%        N/A       11%         3
 Fulminant Prism          Conj/Hex       8%         3d7       36%         4
 Iskenderun's Mystic Bla  Conj/Tloc      16%        2d5       36%         4


Dungeon Overview and Level Annotations

Branches:
Dungeon (4/15)
 Temple: D:4-7

Altars:
Sif Muna
Xom
Zin

Shops:
D:1 *   D:2 *


Innate Abilities, Weirdness & Mutations

Your plain brown scales are hard. (AC +6)
You cannot fit into any form of body armour.
You are cold-blooded and may be slowed by cold attacks.


Message History

The angel hits itself with a +2 sacred scourge of holy wrath!
The angel shouts!
The angel hits itself with a +2 sacred scourge of holy wrath.
Casting: Magic Dart (safe; 1% risk of failure)
Confirm with . or Enter, or press ? or * to list all spells.
Aiming: Magic Dart (safe; 1% risk of failure)
Press: ? - help, Shift-Dir - straight line, f - gnoll
Aim: a gnoll, wielding a +0 club and carrying a wand of mindburst (6) (100% to hit)
The magic dart hits the gnoll.
The gnoll is lightly wounded.
The gnoll hits you with a +0 club.
Unknown command.
Casting: Magic Dart (safe; 1% risk of failure)
Confirm with . or Enter, or press ? or * to list all spells.
Aiming: Magic Dart (safe; 1% risk of failure)
Press: ? - help, Shift-Dir - straight line, f/p - gnoll
Aim: a gnoll, wielding a +0 club and carrying a wand of mindburst (6) (lightly wounded, 100% to hit)
The magic dart hits the gnoll.
The gnoll is moderately wounded.
The gnoll hits you with a +0 club.
Unknown command.
Casting: Magic Dart (safe; 1% risk of failure)
Confirm with . or Enter, or press ? or * to list all spells.
Aiming: Magic Dart (safe; 1% risk of failure)
Press: ? - help, Shift-Dir - straight line, f/p - gnoll
Aim: a gnoll, wielding a +0 club and carrying a wand of mindburst (6) (moderately wounded, 100% to hit)
The magic dart hits the gnoll.
The gnoll is heavily wounded.
The gnoll completely misses you.
Casting: Magic Dart (safe; 1% risk of failure)
Confirm with . or Enter, or press ? or * to list all spells.
Aiming: Magic Dart (safe; 1% risk of failure)
Press: ? - help, Shift-Dir - straight line, f/p - gnoll
Aim: a gnoll, wielding a +0 club and carrying a wand of mindburst (6) (heavily wounded, 100% to hit)
The magic dart hits the gnoll.
The gnoll is severely wounded.
The gnoll hits you but does no damage.
The gnoll zaps a wand.
Your mind is blasted!
The gnoll zaps a wand.
Your mind is blasted!
You die...

#..#.#..# .# #..#.#..# .. ##.# .#
#..#....# ...).# ###.## #.......#
.#..# #...... #.###..## ...
...g_.. ##......# ###.# ..#####
######.## ##.#.###..#...#
.####...###########.....#...#.A.#
.'<..).)........@..g........#A..#
.####...###########g........#####
## ##.## #............_..
######.### ##.......#......
#.......# #......####...#
#.###.#.# #.#.>.## #'## #.# #...#
#.#..... .# #.# #.#.# #.#.###. #
#.# #...#


You could see 2 gnolls.

Vanquished Creatures
  A necrophage (D:4)
  A jelly (D:4)
  Jessica (D:3)
  An orc wizard (D:3)
  2 gnolls (D:4)
  4 adders
  A worm (D:2)
  6 orcs
  5 ball pythons
  7 endoplasms
  2 giant cockroaches
  5 goblins
  5 hobgoblins
  4 jackals (D:4)
  3 quokkas
  4 bats
  5 frilled lizards
  3 kobolds
  4 rats
64 creatures vanquished.

Notes
Turn   | Place    | Note
-------+----------+-------------------------------------------
     0 | D:1      | mordus the Draconian Conjurer began the quest for the Orb.
     0 | D:1      | Reached XP level 1. HP: 14/14 MP: 3/3
   318 | D:1      | Reached XP level 2. HP: 20/20 MP: 0/5
   797 | D:1      | Found Kerhuis's Assorted Antiques.
  1211 | D:2      | Reached XP level 3. HP: 26/26 MP: 1/7
  1300 | D:2      | Learned a level 2 spell: Searing Ray
  1488 | D:2      | Found Isio's General Store.
  1502 | D:2      | Bought a potion of degeneration for 14 gold pieces
  2066 | D:2      | Reached XP level 4. HP: 23/33 MP: 5/8
  2282 | D:3      | Reached skill level 5 in Conjurations
  2892 | D:3      | Found a faded altar of an unknown god.
  2946 | D:3      | Noticed Jessica
  2950 | D:3      | Killed Jessica
  2951 | D:3      | Reached XP level 5. HP: 38/38 MP: 5/10
  2994 | D:3      | Found a shimmering blue altar of Sif Muna.
  3289 | D:4      | Noticed a necrophage
  3299 | D:4      | Killed a necrophage
  3677 | D:4      | Reached XP level 6. HP: 45/45 MP: 5/12
  3792 | D:4      | Noticed an angel
  3793 | D:4      | Found a shimmering altar of Xom.
  3793 | D:4      | Found a glowing silver altar of Zin.
  3808 | D:4      | Blown up by a gnoll

Illustrated notes

Levels and vault maps discovered:
D:1:      noname_arrival_rooms_in_the_neighbourhood, layout_basic, serial_shops,
          nicolae_shop_trees, minmay_stone_trees_small
D:2:      layout_loops_ring, serial_shops, shop_fountains
D:3:      layout_loops_ring, tgw_sif, shapermc_ecumenical_altar_venn,
          chequers_jeans
D:4:      layout_loops_corners, grunt_temple_overflow_order_and_chaos_1,
          grunt_gozag_breadcrumbs, grunt_ministairs_2, kennysheep_windowed_goal,
          uniq_duvessa

Skill      XL: |  1  2  3  4  5 |
---------------+----------------+-----
Spellcasting   | 3 4 |  4.3
Conjurations   | 5 |  5.9
Dodging        | |  1.7
Stealth        | |  1.7

Action                   |  1- 3 |  4- 6 || total
-------------------------+-------+-------++-------
Melee: Dagger            |    52 |    20 ||    72
       Tailslap          |     3 |     2 ||     5
 Cast: Magic Dart        |    56 |    57 ||   113
       Searing Ray       |     1 |     2 ||     3
 Stab: Sleeping          |     1 |       ||     1
Armor: Skin              |    12 |    10 ||    22
Dodge: Dodged            |    45 |    29 ||    74

Table legend: (Time is in decaauts)
 A = Elapsed time spent in this place.
 B = Non-inter-level travel time spent in this place.
 C = Inter-level travel time spent in this place.
 D = Time resting spent in this place.
 E = Time spent auto-exploring this place.
 F = Levels seen in this place.
 G = Mean time per level.
                   A        B        C        D        E       F      G
               +--------+--------+--------+--------+--------+-----+--------+
         Total |   3809 |   3743 |     66 |    783 |   2485 |   4 |  952.2 |
       Dungeon |   3809 |   3743 |     66 |    783 |   2485 |   4 |  952.2 |
               +--------+--------+--------+--------+--------+-----+--------+

Top non-repeatable levels by time:
     D:1: 1233 daAuts
     D:3: 1048 daAuts
     D:2: 922 daAuts
     D:4: 605 daAuts
